 Dungeon Crawl Stone Soup version 0.31-a0-263-ge8cad7f256 (webtiles) character file.

Game seed: 14971556533066730212

67 mwobee the Caller (level 4, -1/34 HPs)
             Began as a Draconian Wanderer on July 13, 2023.
             Slain by an orc
             ... wielding a +0 falchion
              (3 damage)
             ... on level 3 of the Dungeon.
             The game lasted 00:09:36 (1240 turns).

mwobee the Caller (Draconian Wanderer)              Turns: 1240, Time: 00:09:37

Health: -1/34      AC:  6    Str: 16    XL:     4   Next: 0%
Magic:  7/7        EV: 12    Int: 12    God:
Gold:   89         SH:  0    Dex: 11    Spells: 7/7 levels left

rFire   . . .        a - +0 club
rCold   . . .        (no shield)
rNeg    . . .        (body armour unavailable)
rPois   .            (helmet restricted)
rElec   .            c - +0 cloak
rCorr   .            (no gloves)
SInv    .            (no boots)
Will    .....        (no amulet)
Stlth   +            (no ring)
HPRegen 0.25/turn    (no ring)
MPRegen 0.10/turn

%: no passive effects
@: no status effects
A: AC +5, unfitting armour, cold-blooded
a: no special abilities


You were on level 3 of the Dungeon.
You visited 1 branch of the dungeon, and saw 3 of its levels.

You collected 89 gold pieces.

Inventory:

Hand Weapons
 a - a +0 club (weapon)
 m - a +0 mace
Armour
 c - a +0 cloak (worn)
 i - a +0 leather armour
 j - a +0 helmet
Scrolls
 d - 2 scrolls of identify {unknown}
 h - 2 scrolls of fog {unknown}
 n - a scroll of poison {unknown}
Potions
 b - a potion of lignification
 e - a potion of cancellation {unknown}
 f - a potion of enlightenment {unknown}
 g - a potion of haste {unknown}
 k - a potion of attraction {unknown}
 l - 2 potions of might {unknown}


   Skills:
 + Level 0.8 Fighting
 + Level 1.5 Maces & Flails
 + Level 1.8 Dodging
 + Level 1.1 Stealth
 + Level 2.0 Spellcasting
 + Level 2.0 Conjurations
 + Level 4.7 Summonings


You had 7 spell levels left.
You didn't know any spells.
Your spell library contained the following spells:

 Spells                   Type           Power      Damage    Failure   Level
 Summon Small Mammal      Summ           48%        N/A       4%          1
 Call Imp                 Summ           24%        N/A       6%          2
 Magic Dart               Conj           24%        1d4       12%         1
 Shock                    Conj/Air       12%        1d3       19%         1
 Hailstorm                Conj/Ice       3%         3d3       47%         3
 Mephitic Cloud           Conj/Pois/Air  2%         N/A       52%         3
 Summon Lightning Spire   Summ/Air       6%         N/A       71%         4


Dungeon Overview and Level Annotations

Branches:
Dungeon (3/15)

Altars:


Innate Abilities, Weirdness & Mutations

Your plain brown scales are hard. (AC +5)
You cannot fit into any form of body armour.
You are cold-blooded and may be slowed by cold attacks.


Message History

The orc closely misses you. The orc barely misses you.
The orc hits you but does no damage. The orc closely misses you.
(D) Dungeon
Where to? (Enter - D:5, ? - help)
What level of the Dungeon? (default 1, ? - help)
There are monsters nearby!
The orc attacks as you move away! The orc hits you with a +0 short sword.
* * * LOW HITPOINT WARNING * * *
The orc suddenly curses.
The orc hits you with a +0 falchion.
* * * LOW HITPOINT WARNING * * *
The orc hits you but does no damage. The orc closely misses you.
The orc priest looks satisfied for a moment.
The orc attacks as you move away! The orc closely misses you. x2
You hit the orc but do no damage.
The orc is lightly wounded.
The orc misses you.
You hit the orc.
The orc is moderately wounded.
The endoplasm freezes you.
You are frozen.
* * * LOW HITPOINT WARNING * * *
The orc misses you. x2
You hit the endoplasm but do no damage. You tail-slap the endoplasm.
The endoplasm is severely wounded.
The endoplasm closely misses you. The orc hits you with a +0 dagger.
* * * LOW HITPOINT WARNING * * *
The orc barely misses you.
The orc priest looks satisfied for a moment.
You hit the endoplasm.
You kill the endoplasm!
The orc misses you.
An adder comes into view.
The orc hits you with a +0 dagger.
* * * LOW HITPOINT WARNING * * *
The orc hits you with a +0 dagger.
* * * LOW HITPOINT WARNING * * *
The orc hits you with a +0 falchion.
You die...

. ###..##... .
##..#.## .
##....# .
###..# . .
####....## ..
.........## ...
#...##....##
.... #..#
###..o### .....
##.
##.@oS##......
# ###or.o......
##ow...<...
#.o........
............
#....S.......
..............
...#...........
..##...........


You could see an orc priest, an adder (wandering), a dart slug, 5 orcs, a quokka
and a ball python.

Vanquished Creatures
  Jessica (D:2)
  5 ball pythons
  3 bats (D:2)
  3 endoplasms
  4 giant cockroaches
  3 goblins
  2 hobgoblins (D:1)
  6 kobolds
  4 quokkas
  4 frilled lizards
  2 rats
37 creatures vanquished.

Notes
Turn   | Place    | Note
-------+----------+-------------------------------------------
     0 | D:1      | mwobee the Draconian Wanderer began the quest for the Orb.
     0 | D:1      | mwobee set off with the following items: a +0 club, a
                  | potion of lignification, a +0 cloak; and the following
                  | spells available to memorise: Summon Small Mammal, Call
                  | Imp, Shock, Hailstorm, Summon Lightning Spire.
     0 | D:1      | Reached XP level 1. HP: 14/14 MP: 3/3
   114 | D:1      | Reached XP level 2. HP: 20/20 MP: 5/5
   609 | D:2      | Reached XP level 3. HP: 26/26 MP: 6/6
   706 | D:2      | Reached skill level 1 in Maces & Flails
   978 | D:2      | Noticed Jessica
  1000 | D:2      | Killed Jessica
  1224 | D:3      | Reached XP level 4. HP: 34/34 MP: 7/7
  1240 | D:3      | Slain by an orc

Illustrated notes

Levels and vault maps discovered:
D:1:      spicycebolla_arrival_clurvy, layout_basic, serial_shops,
          nicolae_lakefront_shop
D:2:      cheibrodos_fertilizer, layout_rooms, uniq_jessica
D:3:      layout_rooms, kiku_gazebo_pond_becter, zin_purify,
          mainiacjoe_overflow_small_starburst,
          shapermc_ecumenical_altar_totnotflames

Skill      XL: |  1  2  3 |
---------------+----------+-----
Maces & Flails | 1 |  1.5
Fighting       | |  0.8
Dodging        | |  1.8
Stealth        | |  1.1
Spellcasting   | |  2.0
Conjurations   | |  2.0
Summonings     | |  4.7

Action                     |  1- 3 |  4- 6 || total
---------------------------+-------+-------++-------
  Melee: Club              |   180 |    12 ||   192
         Tailslap          |    24 |     3 ||    27
         Punch             |     1 |       ||     1
 Armour: Skin              |   110 |    11 ||   121
  Dodge: Dodged            |   158 |    26 ||   184

Table legend: (Time is in decaauts)
 A = Elapsed time spent in this place.
 B = Non-inter-level travel time spent in this place.
 C = Inter-level travel time spent in this place.
 D = Time resting spent in this place.
 E = Time spent auto-exploring this place.
 F = Levels seen in this place.
 G = Mean time per level.
                   A        B        C        D        E       F      G
               +--------+--------+--------+--------+--------+-----+--------+
         Total |   1286 |   1190 |     96 |    100 |      0 |   3 |  428.7 |
       Dungeon |   1286 |   1190 |     96 |    100 |      0 |   3 |  428.7 |
               +--------+--------+--------+--------+--------+-----+--------+

Top non-repeatable levels by time:
     D:2: 746 daAuts
     D:1: 477 daAuts
     D:3: 62 daAuts
